 Dungeon Crawl Stone Soup version 0.21.1-1-g345015f (webtiles) character file.

9763 Mirai the Cleaver (level 11, -4/86 HPs)
             Began as a Demonspawn Fighter on Mar 14, 2018.
             Was an Elder of Okawaru.
             Slain by an orc warrior
             ... wielding a +2 antimagic glaive
              (14 damage)
             ... on level 2 of the Orcish Mines.
             The game lasted 00:23:03 (8263 turns).

Mirai the Cleaver (Demonspawn Fighter)              Turns: 8263, Time: 00:23:03

Health: -4/86      AC: 23    Str: 23    XL:     11   Next: 27%
Magic:  20/20      EV: 11    Int:  9    God:    Okawaru [****..]
Gold:   743        SH: 11    Dex: 14    Spells: 10/10 levels left

rFire    . . .     SeeInvis +   a - +1 war axe (chop)
rCold    + . .     Gourm    +   b - +0 shield
rNeg     . . .     Faith    .   k - +4 scale mail of the First Ships {*Corrode MP+9 Slay+2}
rPois    +         Spirit   .   y - +0 helmet
rElec    .         Reflect  .   (no cloak)
rCorr    .         Harm     .   q - +0 pair of gloves
MR       +....                  (no boots)
Stlth    ..........             E - amulet of the gourmand
HPRegen  0.24/turn              z - ring of Dilaomp {rPois MR+ SInv}
MPRegen  0.17/turn              w - +4 ring of strength

@: sanguine armour
A: claws 2, cold resistance 1, spiny 2, sanguine armour 2
a: Heroism, Renounce Religion


You were on level 2 of the Orcish Mines.
You worshipped Okawaru.
Okawaru was greatly pleased with you.
You were completely stuffed.

You visited 3 branches of the dungeon, and saw 13 of its levels.

You collected 743 gold pieces.

Inventory:

Hand Weapons
 a - a +1 war axe of chopping (weapon)
 l - a +0 battleaxe
 r - a +0 battleaxe
 x - a +0 great sword of slicing
 I - a +0 war axe
Armour
 b - a +0 shield (worn)
 j - a +0 large shield
 k - the +4 scale mail of the First Ships (worn) {*Corrode MP+9 Slay+2}
   (You found it on level 5 of the Dungeon)

   It affects your accuracy and damage with ranged weapons and melee attacks
   (+2).
   It affects your magic capacity (+9).
   It may corrode you when you take damage.
 q - a +0 pair of gloves (worn)
 y - a +0 helmet (worn)
 A - a +2 robe of magic resistance
Jewellery
 d - an uncursed ring of flight
 p - an uncursed amulet of magic regeneration
 t - a +2 ring of dexterity
 w - a +4 ring of strength (right hand)
 z - the ring of Dilaomp (left hand) {rPois MR+ SInv}
   (You found it on level 8 of the Dungeon)

   [ring of protection from magic]

   It protects you from poison.
   It affects your resistance to hostile enchantments.
   It lets you see invisible.
 E - an amulet of the gourmand (around neck)
Wands
 e - a wand of disintegration (13)
Scrolls
 g - 3 scrolls of teleportation
 i - 6 scrolls of identify
 m - 3 scrolls of magic mapping
 o - a scroll of fear
 u - 3 scrolls of remove curse
 B - 4 scrolls of fog
 C - a scroll of amnesia
Potions
 c - a potion of brilliance
 h - 5 potions of curing
 n - a potion of heal wounds
 v - 2 potions of cancellation
 F - a potion of might
Books
 s - a book of Minor Magic

   Spells                             Type                      Level
   a - Magic Dart                     Conjuration                  1
   b - Blink                          Translocation                2
   c - Call Imp                       Summoning                    2
   d - Slow                           Hexes                        2
   e - Conjure Flame                  Conjuration/Fire             3
   f - Mephitic Cloud                 Conjuration/Poison/Air       3
 D - a book of Fire

   Spells                             Type                      Level
   a - Ignite Poison                  Fire/Transmutation/Poison    3
   b - Fireball                       Conjuration/Fire             5
   c - Bolt of Fire                   Conjuration/Fire             6
   d - Ring of Flames                 Charms/Fire                  7
   e - Ignition                       Fire                         8
Comestibles
 f - 17 rations


   Skills:
 * Level 8.1 Fighting
 + Level 10.9 Axes
 + Level 6.7 Armour
 + Level 4.2 Dodging
 + Level 7.2 Shields


You had 10 spell levels left.
You didn't know any spells.

Dungeon Overview and Level Annotations

Branches:
Dungeon (10/15)            Temple (1/1) D:7            Lair (0/6) D:9
    Orc (2/2) D:10
    Elf: Orc:2

Altars:
Ashenzari
Cheibriados
Dithmenos
Elyvilon
Fedhas
Gozag
Hepliaklqana
Kikubaaqudgha
Makhleb
Nemelex Xobeh
Okawaru
Qazlal
Ru
Sif Muna
Trog
Uskayaw
Vehumet
Wu Jian
Xom
Yredelemnul
Zin
The Shining One

Shops:
D:6 !   D:7 %   Orc:2 ?


Innate Abilities, Weirdness & Mutations

You have very sharp fingernails.
Your flesh is cold resistant. (rC+)
You are mostly covered in sharp spines.
When seriously injured, your bleeding wounds create thick armour. (AC +9)


Message History

Okawaru accepts your kill.
The orc warrior hits you but does no damage.
The orc warrior is struck by your spines.
The orc warrior hits you with a halberd.
You closely miss the orc knight.
The orc knight is moderately wounded.
You hit the orc warrior but do no damage.
The orc knight is struck by your spines.
The orc knight hits you with a long sword!
* * * LOW HITPOINT WARNING * * *
You block the orc warrior's attack.
You hit the orc warrior.
The orc warrior is heavily wounded.
You hit the orc knight but do no damage.
The orc warrior barely misses you.
The orc knight is struck by your spines.
The orc knight hits you with a long sword!
* * * LOW HITPOINT WARNING * * *
The orc warrior hits you from afar with an antimagic glaive!
You die...

.#.............
.#..............
..........$.....
#..............
............$.........
#.....o.............#
#..)o)...............
##.)o@...$............
##..†).#.........<.....
#.....#................
......##...#.............
#....##...........<......
##... ##.................
##. #..................
## ##.................
#..................


You could see an orc knight and 2 orc warriors.

Vanquished Creatures
  2 two-headed ogres
  The ghost of Phong the Ruffian, an amateur TrTm (D:4)
  A troll (Orc:1)
  2 hornets
  The ghost of letownia2 the Poker, an amateur MfSk (D:5)
  Grinder (D:5)
  2 hippogriffs
  2 wyverns (D:9)
  6 yaks (D:10)
  2 steam dragons (D:9)
  2 insubstantial wisps (D:9)
  2 wargs (Orc:2)
  6 orc warriors
  2 necrophages (D:7)
  3 ice beasts
  4 sky beasts
  3 ogres
  4 centaurs
  3 crocodiles (D:9)
  Blork the orc (D:5)
  2 big kobolds
  2 bullfrogs
  A wyvern zombie (D:9)
  2 scorpions
  8 killer bees
  6 wights
  4 howler monkeys
  A crimson imp (D:6)
  4 bullfrog zombies
  3 hounds
  21 orc wizards
  2 orc priests (D:9)
  2 bullfrog skeletons
  Natasha (thrice) (D:2)
  4 iguanas
  6 worker ants
  A hound zombie (D:6)
  A hound skeleton (D:6)
  Robin (D:2)
  14 gnolls
  A howler monkey skeleton (D:6)
  5 adders
  A shadow imp (D:10)
  An adder zombie (D:7)
  An adder skeleton (D:10)
  2 worms (D:4)
  3 dart slugs (D:1)
  3 leopard geckos
  33 orcs
  2 ball pythons
  6 giant cockroaches
  14 goblins
  9 hobgoblins
  6 jackals
  10 quokkas
  9 frilled lizards
  21 kobolds
  6 rats
271 creatures vanquished.

Notes
Turn   | Place    | Note
-------+----------+-------------------------------------------
     0 | D:1      | Mirai the Demonspawn Fighter began the quest for the Orb.
     0 | D:1      | Reached XP level 1. HP: 18/18 MP: 1/1
    39 | D:1      | Reached skill level 2 in Axes
    39 | D:1      | Gained mutation: You are partially covered in sharp spines. [demonic ancestry]
    39 | D:1      | Reached XP level 2. HP: 17/24 MP: 2/2
   506 | D:2      | Gained mutation: You are mostly covered in sharp spines. [demonic ancestry]
   506 | D:2      | Reached XP level 3. HP: 21/29 MP: 3/3
   587 | D:2      | Noticed Robin
   592 | D:2      | Gained mutation: You have sharp fingernails. [demonic ancestry]
   592 | D:2      | Reached XP level 4. HP: 17/35 MP: 4/4
   605 | D:2      | Noticed Natasha
   605 | D:2      | Killed Robin
   614 | D:2      | Killed Natasha
   614 | D:2      | Reached skill level 3 in Axes
   675 | D:2      | Noticed Natasha
   681 | D:2      | Killed Natasha
   681 | D:2      | Reached skill level 1 in Dodging
   681 | D:2      | Gained mutation: When seriously injured, your bleeding wounds create armour. (AC +9) [demonic ancestry]
   681 | D:2      | Reached XP level 5. HP: 18/41 MP: 5/5
   849 | D:2      | Noticed Natasha
   857 | D:2      | Killed Natasha
   866 | D:2      | Found a faded altar of an unknown god.
   866 | D:2      | Found a faded altar of an unknown god.
   871 | D:2      | Found an ornate altar of the Wu Jian Council.
   873 | D:2      | Found a hazy altar of Hepliaklqana.
   875 | D:2      | Found a white marble altar of Elyvilon.
  1089 | D:3      | Reached skill level 4 in Axes
  1229 | D:3      | Found a shadowy altar of Dithmenos.
  1231 | D:3      | Found an iron altar of Okawaru.
  1231 | D:3      | Found an iron altar of Okawaru.
  1233 | D:3      | Found a shimmering altar of Xom.
  1233 | D:3      | Found a glowing golden altar of the Shining One.
  1233 | D:3      | Found a basalt altar of Yredelemnul.
  1358 | D:3      | Noticed a centaur
  1378 | D:3      | Killed a centaur
  1378 | D:3      | Gained mutation: You have very sharp fingernails. [demonic ancestry]
  1378 | D:3      | Reached XP level 6. HP: 15/48 MP: 6/6
  2066 | D:4      | Reached XP level 7. HP: 27/54 MP: 7/7
  2095 | D:4      | Noticed Phong's ghost (amateur TrTm)
  2128 | D:4      | Killed Phong's ghost
  2128 | D:4      | Reached skill level 5 in Axes
  2758 | D:4      | Found a basalt altar of Yredelemnul.
  2824 | D:5      | Entered Level 5 of the Dungeon
  2987 | D:5      | Reached skill level 6 in Axes
  2987 | D:5      | Gained mutation: When seriously injured, your bleeding wounds create thick armour. (AC +9) [demonic ancestry]
  2987 | D:5      | Reached XP level 8. HP: 60/61 MP: 8/8
  3011 | D:5      | Noticed Blork the orc
  3013 | D:5      | Noticed a hornet
  3041 | D:5      | Killed a hornet
  3043 | D:5      | Killed Blork the orc
  3056 | D:5      | Reached skill level 5 in Fighting
  3056 | D:5      | Reached skill level 5 in Shields
  3339 | D:5      | Noticed letownia2's ghost (amateur MfSk)
  3372 | D:5      | Killed letownia2's ghost
  3372 | D:5      | Reached skill level 7 in Axes
  3557 | D:5      | Got a twisted scale mail
  3579 | D:5      | Identified the +4 scale mail of the First Ships {*Corrode MP+9 Slay+2} (You found it on level 5 of the Dungeon)
  3677 | D:5      | Noticed Grinder
  3684 | D:5      | Paralysed by Grinder for 2 turns
  3697 | D:5      | Killed Grinder
  3697 | D:5      | Reached skill level 5 in Armour
  3697 | D:5      | Reached XP level 9. HP: 60/68 MP: 9/9
  3849 | D:5      | Found a glowing silver altar of Zin.
  3849 | D:5      | Noticed an angel
  4007 | D:6      | Found a deep blue altar of Sif Muna.
  4270 | D:6      | Found Olintul's Distillery.
  4299 | D:6      | Reached skill level 8 in Axes
  4598 | D:7      | Found Ecympol's Food Shoppe.
  4675 | D:7      | Found a staircase to the Ecumenical Temple.
  4685 | Temple   | Entered the Ecumenical Temple
  4759 | Temple   | Became a worshipper of Warmaster Okawaru
  5220 | D:7      | Reached skill level 9 in Axes
  5375 | D:8      | Found a snail-covered altar of Cheibriados.
  5504 | D:8      | Found a sacrificial altar of Ru.
  5507 | D:8      | Got a pitted lapis lazuli ring
  5509 | D:8      | Identified the ring of Dilaomp {rPois MR+ SInv} (You found it on level 8 of the Dungeon)
  5607 | D:8      | Reached XP level 10. HP: 75/77 MP: 10/10
  6098 | D:8      | You fall through a shaft!
  6119 | D:9      | Noticed a two-headed ogre
  6126 | D:9      | Killed a two-headed ogre
  6126 | D:9      | Reached * piety under Okawaru
  6302 | D:9      | Reached ** piety under Okawaru
  6575 | D:9      | Reached skill level 10 in Axes
  7052 | D:9      | Found a staircase to the Lair.
  7245 | D:9      | Reached *** piety under Okawaru
  7475 | D:10     | Entered Level 10 of the Dungeon
  7598 | D:10     | Gained mutation: Your flesh is cold resistant. (rC+) [demonic ancestry]
  7598 | D:10     | Reached XP level 11. HP: 58/85 MP: 11/11
  7762 | D:10     | Found a staircase to the Orcish Mines.
  7802 | Orc:1    | Entered Level 1 of the Orcish Mines
  7823 | Orc:1    | Reached **** piety under Okawaru
  7873 | Orc:1    | Noticed a two-headed ogre
  7881 | Orc:1    | Killed a two-headed ogre
  8232 | Orc:2    | Entered Level 2 of the Orcish Mines
  8237 | Orc:2    | Found Leymur's Magic Scroll Shoppe.
  8245 | Orc:2    | Noticed an orc knight
  8263 | Orc:2    | Slain by an orc warrior

Skill      XL: |  1  2  3  4  5  6  7  8  9 10 11 |
---------------+----------------------------------+-----
Axes           | 2 3 4 6 7 9 10 | 10.9
Shields        | 3 4 5 6 7 |  7.2
Armour         | 3 4 5 6 |  6.7
Dodging        | 1 2 3 4 |  4.2
Fighting       | 4 5 6 7 8 |  8.1

Action                   |  1- 3 |  4- 6 |  7- 9 | 10-12 || total
-------------------------+-------+-------+-------+-------++-------
Melee: War axe           |    73 |   124 |   284 |   242 ||   723
Invok: Heroism           |       |       |       |     2 ||     2
  Use: Scroll            |       |       |    11 |     9 ||    20
       Potion            |       |       |     6 |       ||     6
  Eat: Chunk             |       |     4 |    12 |    28 ||    44
Armor: Scale mail        |    43 |    56 |    55 |    74 ||   228
       Plate armour      |       |     2 |    14 |       ||    16
       Ring mail         |       |       |    22 |       ||    22
Dodge: Dodged            |    27 |    38 |    89 |    91 ||   245
Block: Shield            |    41 |    74 |   156 |   114 ||   385
